 Dungeon Crawl Stone Soup version 0.25.0-9-g26727b657a (webtiles) character file.

Game seed: 3594866760993455257

28 MisterFreud the Skirmisher (level 3, 0/18 HPs)
             Began as a Felid Abyssal Knight on June 20, 2020.
             Was a Follower of Lugonu.
             Slain by a worm (8 damage)
             ... on level 1 of the Dungeon.
             The game lasted 00:03:26 (2030 turns).

MisterFreud the Skirmisher (Felid Abyssal Knight)   Turns: 2030, Time: 00:03:26

Health: 0/18       AC:  1    Str:  8    XL:     3   Next: 0%
Magic:  5/5        EV: 18    Int: 13    God:    Lugonu [*.....]
Gold:   33         SH:  0    Dex: 16    Spells: 2/2 levels left
                                        Lives:  0   Deaths: 0

rFire    . . .     SeeInvis +     - Unarmed
rCold    . . .     Gourm    .   (shield unavailable)
rNeg     . . .     Faith    .   (armour unavailable)
rPois    .         Spirit   .   (helmet unavailable)
rElec    .         Reflect  .   (cloak unavailable)
rCorr    .         Harm     .   (gloves unavailable)
MR       .....                  (boots unavailable)
Stlth    ++........             (no amulet)
HPRegen  0.06/turn              (no ring)
MPRegen  0.09/turn              (no ring)

@: quick
A: very small, no armour, no weapons or thrown items, stealth, claws 1, fangs 3,
see invisible, carnivore, speed 1, shaggy fur 1, slow metabolism 1, sharp paws
a: Depart the Abyss, Renounce Religion


You were on level 1 of the Dungeon.
You worshipped Lugonu.
Lugonu was aware of your devotion.
You were completely stuffed.

You visited 1 branch of the dungeon, and saw 2 of its levels.
You visited the Abyss 1 time.

You collected 33 gold pieces.

Inventory:

Jewellery
 b - an uncursed ring of ice
Potions
 d - a potion of heal wounds
Comestibles
 a - a ration


   Skills:
 - Level 4.0 Fighting
 - Level 3.2 Dodging
 + Level 1.1 Stealth
 + Level 2.2 Unarmed Combat
 - Level 1.7 Invocations


You had 2 spell levels left.
You didn't know any spells.
Your spell library was empty.

Dungeon Overview and Level Annotations

Branches:
Dungeon (2/15)

Altars:
The Shining One


Innate Abilities, Weirdness & Mutations

You cannot wear armour.
You are incapable of wielding weapons or throwing items.
Your paws allow you to move quietly. (Stealth)
You have sharp claws.
You have razor-sharp teeth.
You have supernaturally acute eyesight. (SInv)
You are carnivorous and can eat meat at any time.
You cover ground quickly.
You are covered in fur. (AC +1)
You have a slow metabolism.
Your sharp claws are effective at attacking unaware monsters.


Message History

It was a potion of heal wounds.
You feel much better.
You barely miss the worm. You scratch the worm. Your bite misses the worm.
The worm is lightly wounded.
The worm misses you.
You scratch the worm.
The worm is lightly wounded.
The worm closely misses you.
You scratch the worm.
The worm is lightly wounded.
You scratch the worm.
The worm is heavily wounded.
The worm bites you!
Ouch! That really hurt!
You scratch the worm.
The worm is heavily wounded.
You completely miss the worm. You bite the worm.
The worm is severely wounded.
The worm bites you!
You die...

####### #.# #...#
#.....# #.# ##..#
##.##.#####.#####...#
#.##.....#.#.....###
#.########.######## #.#
#.# #..# #.#### #.#
##.#
#.#..#####.######.#
#.#@###.##..#...#.#
#.#w#.....#.#...#.#
#.#.#.#.#.#.#..##.#
#.#...#...........##
#.#############.....
##...................
###..######.########...
#....# #.# #.....
#.##.# #.# #.....


You could see a worm.

Vanquished Creatures
  A worm (D:1)
  A giant cockroach (D:1)
  3 goblins
  6 hobgoblins
  4 bats (D:1)
  2 frilled lizards
  A kobold (D:1)
  7 rats
25 creatures vanquished.

Notes
Turn   | Place    | Note
-------+----------+-------------------------------------------
     0 | Abyss:1  | MisterFreud the Felid Abyssal Knight began the quest for
                  | the Orb.
     0 | Abyss:1  | Reached XP level 1. HP: 10/10 MP: 3/3
    12 | D:1      | Escaped the Abyss
   532 | D:1      | Reached XP level 2. HP: 12/14 MP: 4/4
   570 | D:1      | Found a glowing golden altar of the Shining One.
  1547 | D:2      | Reached skill level 4 in Fighting
  1937 | D:2      | Reached skill level 1 in Stealth
  1941 | D:2      | Reached XP level 3. HP: 14/18 MP: 5/5
  2030 | D:1      | Slain by a worm

Illustrated notes

Levels and vault maps discovered:
D:1:      minmay_arrival_wavy_path, layout_basic, serial_co_window_serial,
          co_window_paths_a, co_window_paths_a, co_window_paths_a,
          co_window_cross_1, co_window_paths_b, co_window_broadway_b,
          co_window_corner_b, co_window_corner_b, glass_columns_a,
          glass_columns_b, glass_columns_a, glass_columns_b, glass_columns_c,
          dk_noncrumbling_4, grunt_decor_mini_mirrors, kennysheep_flooded_box
D:2:      layout_basic

Skill      XL: |  1  2 |
---------------+-------+-----
Fighting       | 4 |  4.0
Stealth        | 1 |  1.1
Dodging        | |  3.2
Unarmed Combat | |  2.2
Invocations    | |  1.7

Action                   || total
-------------------------++-------
Melee: Unarmed           ||    78
       Bite              ||     7
  Use: Potion            ||     1
 Stab: Sleeping          ||     4
  Eat: Chunk             ||     9
Armor: Skin              ||     1
Dodge: Dodged            ||    38
